 Dungeon Crawl Stone Soup version 0.16-a0-3946-g4f19e5c (webtiles) character file.

9772 Pleinair the Carver (level 11, -5/81 HPs)
             Began as a Human Fighter on Feb 8, 2015.
             Was an Elder of Okawaru.
             Killed by divine providence
             ... invoked by an orc priest
              (11 damage)
             ... on level 11 of the Dungeon.
             The game lasted 01:07:22 (10519 turns).

Pleinair the Carver (Human Fighter)                Turns: 10519, Time: 01:07:22

Health: -5/81      AC: 18    Str: 19    XL:     11   Next: 80%
Magic:  13/13      EV: 13    Int:  8    God:    Okawaru [****..]
Gold:   526        SH:  6    Dex: 17    Spells: 0 memorised, 10 levels left

rFire  + . .     SeeInvis .     a - +0 long sword
rCold  . . .     Clarity  .     e - +2 scale mail {rF+}
rNeg   . . .     SustAb   .     h - +0 buckler
rPois  .         Gourm    .     u - +0 helmet
rElec  .         Spirit   .     J - +2 cloak
rCorr  .         Warding  .     H - +0 pair of gloves
rMut   .         Stasis   .     t - +2 pair of boots {run}
MR     .....                    (no amulet)
Stlth  ..........               R - +3 ring of dexterity
                                q - +3 ring of slaying

@: quick, not resistant to hostile enchantments, extremely unstealthy
A: no striking features
a: Heroism, Renounce Religion


You were on level 11 of the Dungeon.
You worshipped Okawaru.
Okawaru was greatly pleased with you.
You were not hungry.

You visited 1 branch of the dungeon, and saw 11 of its levels.

You collected 526 gold pieces.

Inventory:

Hand weapons
 a - a +0 long sword (weapon)
 y - a +2 falchion of flaming
 M - a +0 blowgun
Missiles
 f - 37 stones (quivered)
 j - 8 javelins
 N - 18 poisoned needles
Armour
 e - a +2 scale mail of fire resistance (worn)
 h - a +0 buckler (worn)
 t - a +2 pair of boots of running (worn)
 u - a +0 helmet (worn)
 H - a +0 pair of gloves (worn)
 J - a +2 cloak (worn)
Jewellery
 q - a +3 ring of slaying (left hand)
 R - a +3 ring of dexterity (right hand)
Magical devices
 E - a wand of lightning (0)
 P - a wand of lightning (7)
Scrolls
 b - 4 scrolls of remove curse
 c - 2 scrolls of silence
 i - 2 scrolls of fear {unknown}
 k - 2 scrolls of teleportation
 m - a scroll of amnesia
 n - 3 scrolls of random uselessness {unknown}
 s - a scroll of fog {unknown}
 x - 2 scrolls of blinking {unknown}
 z - a scroll of enchant weapon {unknown}
 C - a scroll of recharging {unknown}
 D - a scroll of holy word {unknown}
 G - a scroll of enchant armour {unknown}
 I - 2 scrolls of magic mapping {unknown}
 K - a scroll of torment {unknown}
Potions
 l - 5 potions of haste
 p - 4 potions of curing
 v - 3 potions of restore abilities
 w - a potion of brilliance
 A - a potion of agility
Books
 O - a Young Poisoner's Handbook

   Spells                             Type                      Level
   a - Sting                          Conjuration/Poison           1
   b - Cure Poison                    Poison                       2
   c - Mephitic Cloud                 Conjuration/Poison/Air       3
   d - Olgreb's Toxic Radiance        Poison                       4
   e - Venom Bolt                     Conjuration/Poison           5
Miscellaneous
 L - a sack of spiders {used: 1}
Comestibles
 d - 7 bread rations
 g - 5 slices of pizza
 o - 7 meat rations
 r - 9 fruits
 B - 7 beef jerkies


   Skills:
 + Level 6.2 Fighting
 - Level 14.0 Long Blades
 + Level 6.2 Armour
 + Level 5.2 Dodging
 - Level 5.1 Shields
 - Level 1.5 Invocations


You had 10 spell levels left.
You didn't know any spells.

Dungeon Overview and Level Annotations

Branches:
Dungeon (11/15)              Lair (0/8) D:10
 Temple: D:4-7          Orc: D:9-12

Altars:
Dithmenos
Gozag
Makhleb
Nemelex Xobeh
Okawaru
Qazlal
Vehumet
Beogh

Shops:
D:9 (   D:10 %

Annotations:
D:7 Prince Ribbit
D:8 Blork the orc


Message History

The orc priest is almost dead.
The orc hits you but does no damage.
The orc priest hits you but does no damage.
An orc priest opens the door.
You hit the orc priest but do no damage.
The orc priest is almost dead.
The orc hits you but does no damage.
The orc priest hits you but does no damage.
You hit the orc priest but do no damage.
The orc priest is almost dead.
The orc priest mumbles some strange prayers to Beogh against you.
Something smites you!
* * * LOW HITPOINT WARNING * * *
You block the orc's attack.
Drink which item? (? for menu, Esc to quit)
It was a potion of cancellation.
You feel magically purged. The orc priest misses you.
You block the orc's attack.
The orc priest calls down the wrath of Beogh upon you.
Something smites you!
You die...

#...#+#....#.#..<#
###........#.'...#####
+........'.#.......#
#........#.#.......#
######...#.##'#....#
#...+..#.######
+...#..#..#
#...#..+..#
#...####@## ..######o#
..#...')oo....#
#..##oo#....#
#...####....# . ##..#
#### o.. #.o.# ..oo
#...#


8.ooo #oo(# You could see 2 orc priests and 3 orcs.

Vanquished Creatures
  A centaur warrior (D:11)
  2 hill giants
  Erolcha (D:9)
  A centaur zombie (D:9)
  An elephant (D:10)
  Joseph (D:9)
  The ghost of wojtek the Slicer, an experienced KoAs of Makhleb (D:4)
  The ghost of Skiberibeda the Chopper, an average MiBe of Trog (D:5)
  2 trolls (D:10)
  Grinder (D:3)
  A hungry ghost (D:10)
  Eustachio (D:6)
  A wyvern (D:8)
  A hippogriff (D:8)
  Edmund (D:6)
  A water moccasin (D:10)
  6 ice beasts
  3 orc warriors
  4 sky beasts
  2 phantoms
  A black bear (D:6)
  9 ogres
  2 centaurs
  A big kobold (D:9)
  A crocodile (D:10)
  8 giant frogs
  3 killer bees (D:8)
  5 scorpions
  5 crimson imps
  3 goliath beetles
  3 orc priests
  6 hounds
  A jelly (D:6)
  2 giant frog skeletons
  A giant frog zombie (D:8)
  3 iguanas
  7 orc wizards
  9 worker ants
  Natasha (thrice) (D:3)
  A sheep (D:10)
  A hound zombie (D:10)
  2 hound skeletons
  A worker ant zombie (D:8)
  Robin (D:3)
  10 adders
  11 gnolls
  A river rat (D:6)
  2 shadow imps
  A white imp (D:6)
  2 worms (D:2)
  3 adder skeletons
  5 giant geckos
  An ooze (D:2)
  28 orcs
  13 bats
  3 bat skeletons
  A bat zombie (D:6)
  22 goblins
  21 hobgoblins
  7 jackals
  18 kobolds
  6 quokkas
  A ball python (D:3)
  4 giant cockroaches
  A giant gecko skeleton (D:8)
  11 giant newts
  A giant spore (D:6)
  A jackal zombie (D:8)
  A quokka skeleton (D:7)
  20 rats
  2 ballistomycetes (D:6)
309 creatures vanquished.

Vanquished Creatures (others)
  A spider (D:10)
1 creature vanquished.

Grand Total: 310 creatures vanquished

Notes
Turn   | Place    | Note
--------------------------------------------------------------
     0 | D:1      | Pleinair, the Human Fighter, began the quest for the Orb.
     0 | D:1      | Reached XP level 1. HP: 18/18 MP: 1/1
   204 | D:1      | Reached XP level 2. HP: 21/24 MP: 2/2
   441 | D:1      | Reached XP level 3. HP: 27/29 MP: 3/3
   964 | D:2      | Reached skill level 4 in Long Blades
   964 | D:2      | Reached XP level 4. HP: 22/35 MP: 4/4
  1201 | D:2      | Found a shadowy altar of Dithmenos.
  1712 | D:2      | Reached XP level 5. HP: 39/41 MP: 5/5
  1920 | D:3      | Noticed Grinder
  1966 | D:2      | Reached skill level 5 in Long Blades
  2106 | D:3      | Noticed Natasha
  2119 | D:3      | Killed Natasha
  2388 | D:3      | Noticed Robin
  2417 | D:3      | Killed Robin
  2830 | D:3      | Reached XP level 6. HP: 47/47 MP: 6/6
  2980 | D:3      | Noticed Natasha
  2983 | D:3      | Killed Natasha
  3151 | D:3      | Noticed Natasha
  3157 | D:3      | Killed Natasha
  3173 | D:3      | Reached skill level 6 in Long Blades
  3291 | D:3      | Paralysed by Grinder for 6 turns
  3305 | D:3      | Killed Grinder
  3305 | D:3      | Reached skill level 7 in Long Blades
  3305 | D:3      | Reached XP level 7. HP: 32/52 MP: 7/7
  3763 | D:4      | Reached skill level 8 in Long Blades
  3990 | D:4      | Found a burning altar of Makhleb.
  4289 | D:4      | Noticed wojtek's ghost (experienced KoAs)
  4298 | D:4      | Killed wojtek's ghost
  4298 | D:4      | Reached XP level 8. HP: 58/58 MP: 8/8
  4505 | D:5      | Entered Level 5 of the Dungeon
  4536 | D:5      | Reached skill level 9 in Long Blades
  4546 | D:5      | Noticed Skiberibeda's ghost (average MiBe)
  4558 | D:5      | Killed Skiberibeda's ghost
  4558 | D:5      | Reached skill level 5 in Shields
  5090 | D:5      | Reached XP level 9. HP: 63/63 MP: 9/9
  5197 | D:5      | Reached skill level 10 in Long Blades
  5330 | D:5      | Identified a +2 pair of boots of running (You found it on level 5 of the Dungeon)
  5371 | D:5      | Identified a +1 pair of boots of running (You found it on level 5 of the Dungeon)
  5732 | D:5      | Reached skill level 11 in Long Blades
  6190 | D:6      | Noticed Edmund
  6203 | D:6      | Killed Edmund
  6443 | D:6      | Noticed Eustachio
  6482 | D:6      | Killed Eustachio
  6500 | D:6      | Found an iron altar of Okawaru.
  6504 | D:6      | Became a worshipper of Warmaster Okawaru
  6520 | D:6      | Reached skill level 12 in Long Blades
  6676 | D:6      | Reached XP level 10. HP: 63/70 MP: 10/10
  6984 | D:7      | Noticed Prince Ribbit
  7336 | D:8      | Reached skill level 13 in Long Blades
  7475 | D:8      | Acquired Okawaru's first power
  7614 | D:8      | Upgraded the game from 0.16-a0-3943-gb4b81e6 to 0.16-a0-3946-g4f19e5c
  7889 | D:8      | Noticed Blork the orc
  7947 | D:8      | Reached skill level 1 in Invocations
  8390 | D:9      | Reached skill level 14 in Long Blades
  8400 | D:9      | Found an opulent altar of Gozag.
  8555 | D:9      | Reached skill level 1 in Dodging
  8575 | D:9      | Found a stormy altar of Qazlal.
  8575 | D:9      | Found a sparkling altar of Nemelex Xobeh.
  8604 | D:9      | Reached XP level 11. HP: 68/75 MP: 13/13
  8703 | D:9      | Noticed Joseph
  8729 | D:9      | Killed Joseph
  8751 | D:9      | Found a radiant altar of Vehumet.
  8938 | D:9      | Found Meciat's Antique Weapon Shop.
  9071 | D:9      | Noticed Erolcha
  9092 | D:9      | Killed Erolcha
  9472 | D:10     | Entered Level 10 of the Dungeon
  9500 | D:10     | Reached skill level 5 in Armour
  9632 | D:10     | Found a staircase to the Lair.
  9657 | D:10     | Reached skill level 5 in Fighting
  9946 | D:10     | Found Ralecluf's Food Shop.
 10195 | D:10     | Noticed a hill giant
 10223 | D:10     | Killed a hill giant
 10374 | D:11     | Noticed a hill giant
 10392 | D:11     | Killed a hill giant
 10416 | D:11     | Noticed a centaur warrior
 10430 | D:11     | Killed a centaur warrior
 10430 | D:11     | Reached skill level 5 in Dodging
 10471 | D:11     | Found a roughly hewn altar of Beogh.
 10519 | D:11     | Killed from afar by an orc priest

Action                   |  1- 3 |  4- 6 |  7- 9 | 10-12 || total
-------------------------+-------+-------+-------+-------++-------
Melee: Long sword        |    96 |   209 |   374 |   583 ||  1262
 Fire: Blowgun           |       |       |       |    24 ||    24
Throw: Stone             |       |       |    21 |     2 ||    23
Invok: Heroism           |       |       |       |     1 ||     1
Evoke: Wand              |       |       |     6 |     3 ||     9
       Sack of spiders   |       |       |       |     1 ||     1
  Use: Scroll            |       |     3 |     8 |     3 ||    14
       Potion            |       |     1 |     2 |     4 ||     7
  Eat: Chunk             |       |     8 |    12 |    12 ||    32
